 Dungeon Sprint DCSS version 0.29-a0-468-ge57f7f99b4 (webtiles) character file.

Game seed: 17150953770314644159

32505 mhtbhm the Executioner (level 13, -1/143 HPs)
             Began as a Hill Orc Fighter on May 21, 2022.
             Was the Champion of Trog.
             Succumbed to a yaktaur captain's poison
             ... in the Dungeon (Sprint III: "The Ten Rune Challenge").
             The game lasted 00:10:59 (7554 turns).

mhtbhm the Executioner (Hill Orc Fighter)           Turns: 7554, Time: 00:11:00

Health: -1/143     AC: 21    Str: 27    XL:     13   Next: 65%
Magic:  13/13      EV: 12    Int:  8    God:    Trog [******]
Gold:   649        SH:  7    Dex: 14    Spells: 12/12 levels left

rFire   . . .      SeeInvis .   a - +11 broad axe "Zaywohuxt" {flame, rElec Dex+4 Stlth-}
rCold   . . .      Faith    +   c - +0 buckler
rNeg    . . .      Spirit   .   b - +0 chain mail
rPois   .          Reflect  .   d - +0 helmet
rElec   +          Harm     .   i - +0 cloak
rCorr   .          Rampage  .   f - +1 pair of gloves {Str+3}
Will    .....      NoTele   +   (no boots)
Stlth   +.........              m - amulet of faith
HPRegen 0.33/turn               (no ring)
MPRegen 0.13/turn               (no ring)

@: lethally poisoned (-1 -> -12), on berserk cooldown, flying, slowed, very slow
A: no striking features
a: Renounce Religion, Berserk, Trog's Hand, Brothers in Arms


You were in the Dungeon.
You worshipped Trog.
Trog was exalted by your worship.
You visited 1 branch You collected 1874 gold pieces.
You spent 1225 gold pieces at shops.

Inventory:

Hand Weapons
 a - the +11 broad axe "Zaywohuxt" (weapon) {flame, rElec Dex+4 Stlth-}
   (You found it in the Dungeon)

   It burns those it strikes, dealing additional fire damage.
   Big, fiery blades are also staple armaments of hydra-hunters.
   Dex:       It affects your dexterity (+4).
   rElec:     It insulates you from electricity.
   Stlth:     It makes you less stealthy.
 p - the +10 broad axe of Saltpetre {vorpal, Will++}
   (You found it in the Dungeon)

   It inflicts extra damage upon your enemies.
   Will:      It greatly increases your willpower.
 u - a +4 broad axe of venom
Missiles
 s - 7 javelins
 t - 6 curare-tipped darts (quivered)
Armour
 b - a +0 chain mail (worn)
 c - a +0 buckler (worn)
 d - a +0 helmet (worn)
 f - a +1 pair of gloves of strength (worn)
 i - a +0 cloak (worn)
Jewellery
 m - an amulet of faith (around neck)
Wands
 n - a wand of iceblast (7)
Scrolls
 l - a scroll of torment
 o - 2 scrolls of poison
Potions
 e - a potion of lignification
 g - 2 potions of haste
 h - 3 potions of magic
 j - 4 potions of heal wounds
 k - 2 potions of mutation
Miscellaneous
 r - a condenser vane


   Skills:
 + Level 21.4 Fighting
 + Level 24.7 Axes
 + Level 2.2 Throwing
 + Level 18.9 Armour
 + Level 6.4 Dodging
 + Level 11.5 Stealth
 + Level 11.3 Shields
 + Level 3.3 Evocations


You had 12 spell levels left.
You didn't know any spells.
Your spell library was empty.

Dungeon Overview and Level Annotations

Branches:
Dungeon (1/1)

Altars:
Cheibriados
Dithmenos
Elyvilon
Fedhas
Gozag
Hepliaklqana
Kikubaaqudgha
Makhleb
Nemelex Xobeh
Okawaru
Qazlal
Ru
Sif Muna
Trog
Uskayaw
Vehumet
Wu Jian
Xom
Yredelemnul
Zin
The Shining One
Beogh
Jiyva
Lugonu

Shops:
D (=?:[!(==!::


Message History

* * * LOW HITPOINT WARNING * * *
You are lethally poisoned!
There is an open door, spattered with blood here.
* * * LOW HITPOINT WARNING * * *
You feel very sick.
You slice the yaktaur captain!! You burn the yaktaur captain.
The yaktaur captain is moderately wounded.
* * * LOW HITPOINT WARNING * * *
You feel sick.
The yaktaur captain unwields a +2 arbalest of chaos.
The yaktaur captain hits you!
* * * LOW HITPOINT WARNING * * *
You slice the yaktaur captain!! You burn the yaktaur captain.
The yaktaur captain is severely wounded.
* * * LOW HITPOINT WARNING * * *
You feel very sick.
You carve the yaktaur captain like a ham!!!
You burn the yaktaur captain.
You feel the power of Trog in you as your rage grows.
You kill the yaktaur captain!
Trog accepts your kill. Trog grants you a weapon!
Something appears at your feet!
You see here a +0 battleaxe of flaming.
* * * LOW HITPOINT WARNING * * *
You feel sick.
Unknown command.
* * * LOW HITPOINT WARNING * * *
You feel very sick.
There is an open door, spattered with blood here.
You feel a strong urge to attack something.
* * * LOW HITPOINT WARNING * * *
You feel sick.
Unknown command.
* * * LOW HITPOINT WARNING * * *
You feel sick.
Unknown command.
You feel your anger nearly subside.
You are no longer berserk.
You are exhausted.
You feel yourself slow down.
You die...

+,*,##.#.#####.####......#
#####..'.#)..'.#).#......#
....'..#######.'..#......#
########.....#.####......#
#.∩⌠⌠∩.#..#..#.#..#...†..#
#.∩⌠⌠∩.#.#.#.#.'..#......#
#.∩∩∩∩.#.....#.#..#......#
#.∩∩.∩.#....)#.#..'))†...#
#......#.#.#)'.#@.#......#
###''###..#..#.#..#......#
#.♣..♣.#)....###########+#
#§.....#######**********,*
§......#,,,*,*,,,,,,,,*,,*
§......#,,,***,,,,,,,,+,,*
.......#,,,,,,,,,,,,,,+,,*
########,,,,,,,,,,,,,,*,,*
≈≈≈≈≈******************,,*


There were no monsters in sight!

Vanquished Creatures
  Rupert (D)
  Harold (D)
  2 dire elephants (D)
  Josephine (D)
  A fire dragon (D)
  A yaktaur captain (D)
  2 anacondas (D)
  2 centaur warriors (D)
  4 dancing weapons (D)
  4 death yaks (D)
  Urug (D)
  A deep elf knight (D)
  A glowing orange brain (shapeshifter) (D)
  An orange crystal statue (D)
  Joseph (D)
  A lindwurm (D)
  2 deep elf pyromancers (D)
  3 deep elf zephyrmancers (D)
  4 crystal guardians (D)
  4 ugly things (D)
  2 elephants (D)
  3 black mambas (D)
  2 cane toads (D)
  An unseen horror (D)
  A komodo dragon (D)
  A rime drake (D)
  A queen bee (D)
  2 tyrant leeches (D)
  4 spriggan defenders (D)
  A slime creature (D)
  A merfolk (shapeshifter) (D)
  A slime creature (shapeshifter) (D)
  2 orc high priests (D)
  8 blink frogs (D)
  A shadow (D)
  3 redbacks (D)
  A spatial vortex (D)
  3 water moccasins (D)
  An orc warrior (D)
  A swamp drake (D)
  2 centaurs (D)
  An earth elemental (D)
  A necrophage (D)
  A water elemental (D)
  24 killer bees (D)
  A jelly (D)
  4 orc priests (D)
  Crazy Yiuf (D)
  A wizard (D)
  Jessica (D)
  2 orc wizards (D)
  A necromancer (D)
  3 humans (D)
  A kobold demonologist (D)
  3 wandering mushrooms (D)
  13 orcs (D)
  3 rats (D)
141 creatures vanquished.

Vanquished Creatures (collateral kills)
  Gastronok (D)
  5 killer bees (D)
6 creatures vanquished.

Vanquished Creatures (others)
  3 killer bees (D)
  A bush (D)
  16 plants (D)
20 creatures vanquished.

Grand Total: 167 creatures vanquished

Notes
Turn   | Place    | Note
-------+----------+-------------------------------------------
     0 | D        | mhtbhm the Hill Orc Fighter began the quest for the Orb.
     0 | D        | Reached XP level 1. HP: 19/19 MP: 1/1
   119 | D        | Noticed Jessica
   124 | D        | Reached skill level 3 in Axes
   126 | D        | Killed Jessica
   127 | D        | Reached skill level 5 in Fighting
   127 | D        | Reached skill level 4 in Axes
   127 | D        | Reached skill level 5 in Armour
   127 | D        | Reached XP level 2. HP: 18/29 MP: 2/2
   127 | D        | Reached XP level 3. HP: 22/36 MP: 3/3
   411 | D        | Noticed Crazy Yiuf
   419 | D        | Killed Crazy Yiuf
   420 | D        | Reached skill level 5 in Axes
   420 | D        | Reached skill level 5 in Shields
   420 | D        | Reached XP level 4. HP: 24/44 MP: 0/4
   608 | D        | Noticed a water elemental
   612 | D        | Killed a water elemental
   613 | D        | Reached skill level 6 in Axes
   613 | D        | Reached XP level 5. HP: 51/51 MP: 5/5
   618 | D        | Found a hide-covered altar of Uskayaw.
   618 | D        | Found a roughly hewn altar of Beogh.
   618 | D        | Found an iron altar of Okawaru.
   618 | D        | Found a bloodstained altar of Trog.
   618 | D        | Found an ornate altar of the Wu Jian Council.
   618 | D        | Noticed a human
   618 | D        | Noticed a human
   623 | D        | Killed a human
   624 | D        | Reached skill level 8 in Axes
   624 | D        | Reached XP level 6. HP: 15/61 MP: 6/6
   624 | D        | Killed a human
   625 | D        | Reached skill level 10 in Axes
   625 | D        | Reached skill level 10 in Armour
   625 | D        | Reached skill level 1 in Dodging
   636 | D        | Became a worshipper of Trog the Wrathful
   866 | D        | Found a basalt altar of Yredelemnul.
   866 | D        | Found a shadowy altar of Dithmenos.
   866 | D        | Found a sacrificial altar of Ru.
   872 | D        | Reached XP level 7. HP: 24/70 MP: 7/7
   878 | D        | Reached skill level 11 in Axes
  1110 | D        | Found a radiant altar of Vehumet.
  1110 | D        | Found a shimmering blue altar of Sif Muna.
  1110 | D        | Found an ancient bone altar of Kikubaaqudgha.
  1114 | D        | Noticed a neqoxec
  1120 | D        | Reached * piety under Trog
  1217 | D        | Found a glowing silver altar of Zin.
  1217 | D        | Found a glowing golden altar of the Shining One.
  1217 | D        | Found a white marble altar of Elyvilon.
  1218 | D        | Noticed a deep elf pyromancer
  1231 | D        | Killed a deep elf pyromancer
  1231 | D        | Reached ** piety under Trog
  1232 | D        | Reached skill level 10 in Fighting
  1232 | D        | Reached skill level 13 in Axes
  1232 | D        | Reached skill level 1 in Stealth
  1232 | D        | Reached XP level 8. HP: 40/79 MP: 8/8
  1407 | D        | Noticed a shadow
  1415 | D        | Killed a shadow
  1418 | D        | Reached skill level 14 in Axes
  1636 | D        | Found a blossoming altar of Fedhas.
  1636 | D        | Found a stormy altar of Qazlal.
  1636 | D        | Found a snail-covered altar of Cheibriados.
  1636 | D        | Found a burning altar of Makhleb.
  1636 | D        | Found a shimmering altar of Xom.
  1637 | D        | Found a hazy altar of Hepliaklqana.
  1637 | D        | Found an opulent altar of Gozag.
  1637 | D        | Found a sparkling altar of Nemelex Xobeh.
  1637 | D        | Found a corrupted altar of Lugonu.
  1637 | D        | Found a viscous altar of Jiyva.
  1647 | D        | Reached *** piety under Trog
  1664 | D        | Noticed Josephine
  1684 | D        | Killed Josephine
  1685 | D        | Reached skill level 16 in Axes
  1685 | D        | Reached XP level 9. HP: 29/89 MP: 9/9
  2164 | D        | Noticed a centaur warrior
  2170 | D        | Reached **** piety under Trog
  2175 | D        | Killed a centaur warrior
  2176 | D        | Reached skill level 17 in Axes
  2295 | D        | Killed an unseen horror
  2555 | D        | Noticed a wandering mushroom
  2559 | D        | Noticed a wandering mushroom
  2561 | D        | Noticed a wandering mushroom
  2747 | D        | Killed a wandering mushroom
  2747 | D        | Reached ***** piety under Trog
  2748 | D        | Reached skill level 18 in Axes
  2748 | D        | Reached XP level 10. HP: 87/99 MP: 10/10
  2819 | D        | Received a gift from Trog
  2824 | D        | Reached skill level 1 in Evocations
  2826 | D        | Reached ****** piety under Trog
  2826 | D        | Received a gift from Trog
  2827 | D        | Reached skill level 5 in Stealth
  2833 | D        | Received a gift from Trog
  2977 | D        | Noticed a cane toad
  2977 | D        | Noticed a cane toad
  2987 | D        | Killed a cane toad
  3003 | D        | Killed a cane toad
  3003 | D        | Received a gift from Trog
  3004 | D        | Reached skill level 19 in Axes
  3620 | D        | Reached XP level 11. HP: 103/110 MP: 3/11
  3745 | D        | Noticed a lindwurm
  3752 | D        | Killed a lindwurm
  3752 | D        | Received a gift from Trog
  3753 | D        | Reached skill level 15 in Armour
  3818 | D        | Noticed Urug
  3827 | D        | Killed Urug
  3828 | D        | Reached skill level 5 in Dodging
  4266 | D        | Received a gift from Trog
  4277 | D        | Received a gift from Trog
  4282 | D        | Found Caarr's Weapon Shop.
  4379 | D        | Noticed a deep elf zephyrmancer
  4379 | D        | Noticed a deep elf zephyrmancer
  4379 | D        | Noticed a deep elf knight
  4379 | D        | Noticed a deep elf zephyrmancer
  4379 | D        | Noticed a deep elf pyromancer
  4392 | D        | Killed a deep elf zephyrmancer
  4395 | D        | Killed a deep elf zephyrmancer
  4396 | D        | Reached skill level 15 in Fighting
  4396 | D        | Killed a deep elf knight
  4397 | D        | Reached skill level 20 in Axes
  4400 | D        | Killed a deep elf pyromancer
  4400 | D        | Received a gift from Trog
  4404 | D        | Killed a deep elf zephyrmancer
  4421 | D        | Noticed a deep elf demonologist
  4537 | D        | Noticed Harold
  4537 | D        | Noticed Joseph
  4543 | D        | Killed Harold
  4556 | D        | Killed Joseph
  4699 | D        | Identified the +7 war axe "Rewiss" {vorpal, Dex+4} (Trog
                  | gifted it to you in the Dungeon)
  4699 | D        | Received a gift from Trog
  4720 | D        | Reached skill level 10 in Stealth
  4869 | D        | Noticed Rupert
  4887 | D        | Killed Rupert
  4888 | D        | Reached skill level 21 in Axes
  4888 | D        | Reached XP level 12. HP: 35/124 MP: 12/12
  5292 | D        | Noticed a dire elephant
  5292 | D        | Noticed a dire elephant
  5292 | D        | Noticed Gastronok
  5305 | D        | Killed a dire elephant
  5308 | D        | Reached skill level 1 in Throwing
  5310 | D        | Killed a dire elephant
  5310 | D        | Received a gift from Trog
  5321 | D        | HP: 3/125 [Gastronok (29)]
  5327 | D        | Killed Gastronok
  5661 | D        | Noticed an azure jelly
  5661 | D        | Noticed an azure jelly
  5661 | D        | Noticed an azure jelly
  5662 | D        | Noticed an azure jelly
  5677 | D        | Noticed a death yak
  5678 | D        | Noticed a death yak
  5678 | D        | Noticed a death yak
  5679 | D        | Noticed a death yak
  5688 | D        | Killed a death yak
  5694 | D        | Killed a death yak
  5695 | D        | Reached skill level 22 in Axes
  5699 | D        | Killed a death yak
  5708 | D        | Killed a death yak
  5712 | D        | Reached skill level 10 in Shields
  5715 | D        | Received a gift from Trog
  5872 | D        | Noticed an anaconda
  5872 | D        | Noticed an anaconda
  5878 | D        | Killed an anaconda
  5881 | D        | Killed an anaconda
  5887 | D        | Received a gift from Trog
  5891 | D        | Reached XP level 13. HP: 136/136 MP: 4/13
  6060 | D        | Reached skill level 23 in Axes
  6373 | D        | Found Reul's Antique Weapon Emporium.
  6373 | D        | Found Emoss's Antique Armour Boutique.
  6373 | D        | Found Odiof's Book Shoppe.
  6373 | D        | Found Kifui's Distillery.
  6373 | D        | Found Enoocvi's Jewellery Emporium.
  6373 | D        | Found Soumis's Book Shoppe.
  6373 | D        | Found Juwn's Book Shop.
  6373 | D        | Found Wesaol's Magic Scroll Shop.
  6373 | D        | Found Wigog's Distillery.
  6373 | D        | Found Qenuerau's Jewellery Emporium.
  6373 | D        | Found Naun's Jewellery Boutique.
  6406 | D        | Bought a pair of embroidered gloves for 187 gold pieces
  6413 | D        | Bought a scroll of magic mapping for 42 gold pieces
  6417 | D        | Bought a scroll of identify for 24 gold pieces
  6417 | D        | Bought a scroll of identify for 24 gold pieces
  6417 | D        | Bought a scroll of identify for 24 gold pieces
  6421 | D        | Bought a scroll of identify for 24 gold pieces
  6422 | D        | Bought a scroll of brand weapon for 240 gold pieces
  6429 | D        | Bought a potion of heal wounds for 60 gold pieces
  6429 | D        | Bought 2 potions of heal wounds for 120 gold pieces
  6433 | D        | Bought an amulet of faith for 480 gold pieces
  6488 | D        | Received a gift from Trog
  6780 | D        | Received a gift from Trog
  7012 | D        | Received a gift from Trog
  7033 | D        | Reached skill level 24 in Axes
  7046 | D        | Noticed a fire dragon
  7054 | D        | Killed a fire dragon
  7217 | D        | Identified the +11 broad axe "Zaywohuxt" {flame, rElec
                  | Dex+4 Stlth-}
  7217 | D        | Identified the +10 broad axe of Saltpetre {vorpal, Will++}
  7400 | D        | Identified the +5 broad axe "Ymuas" {vorpal, rPois Will+
                  | Str+2 Int-3} (Trog gifted it to you in the Dungeon)
  7400 | D        | Received a gift from Trog
  7508 | D        | Noticed a yaktaur captain
  7549 | D        | HP: 8/214 [poisoned by a yaktaur captain]
  7550 | D        | Killed a yaktaur captain
  7550 | D        | Received a gift from Trog
  7552 | D        | HP: 2/214 [poisoned by a yaktaur captain]
  7554 | D        | Succumbed to a yaktaur captain's poison

Illustrated notes

Levels and vault maps discovered:
D:        dungeon_sprint_mu [sprint_mu_entry_forest, sprint_mu_temple_rooms,
          sprint_mu_d1_horrors, sprint_mu_d2_genie, sprint_mu_d3_branching,
          sprint_mu_orc_legion, sprint_mu_elf_gauntlet, sprint_mu_hive_nellie,
          sprint_mu_lair_fedhas, sprint_mu_vaults_butterflies,
          sprint_mu_slime_circle, sprint_mu_shoals_kraken,
          sprint_mu_snake_twists, sprint_mu_blade_basic, sprint_mu_crypt_lich,
          sprint_mu_tomb_spiral, sprint_mu_vestibule_basic,
          sprint_mu_gehenna_hellfire, sprint_mu_dis_giant,
          sprint_mu_tartarus_statrot, sprint_mu_cocytus_islands, sprint_mu_zot1]

Skill      XL: |  1  2  3  4  5  6  7  8  9 10 11 12 13 |
---------------+----------------------------------------+-----
Fighting       | 5 6 8 9 10 11 12 14 16 18 21 | 21.4
Axes           | 4 5 6 8 10 13 16 18 19 21 22 24 | 24.7
Armour         | 5 6 7 8 10 11 12 13 14 16 18 | 18.9
Shields        | 4 5 6 7 8 9 10 11 | 11.3
Dodging        | 1 2 4 5 6 |  6.4
Stealth        | 1 2 4 6 10 11 | 11.5
Evocations     | 1 2 3 |  3.3
Throwing       | 2 |  2.2

Action                   |  1- 3 |  4- 6 |  7- 9 | 10-12 | 13-15 || total
-------------------------+-------+-------+-------+-------+-------++-------
Melee: War axe           |    27 |    13 |   132 |    75 |    18 ||   265
       Broad axe         |       |       |       |   184 |    97 ||   281
Throw: Dart              |       |       |       |     3 |       ||     3
Invok: Berserk           |       |       |       |     5 |     5 ||    10
       Brothers in Arms  |       |       |       |     1 |       ||     1
Evoke: Condenser vane    |       |       |     1 |     5 |       ||     6
  Use: Potion            |     1 |     1 |       |     4 |     1 ||     7
       Scroll            |       |       |       |     1 |     8 ||     9
 Stab: Confused          |       |       |     4 |    10 |       ||    14
       Sleeping          |       |       |       |     4 |     1 ||     5
Armor: Scale mail        |     8 |     2 |    50 |    12 |       ||    72
       Chain mail        |       |       |       |    39 |    36 ||    75
Dodge: Dodged            |    10 |     3 |    24 |    71 |    37 ||   145
Block: Buckler           |     8 |     4 |    19 |    36 |    25 ||    92

Table legend: (Time is in decaauts)
 A = Elapsed time spent in this place.
 B = Non-inter-level travel time spent in this place.
 C = Inter-level travel time spent in this place.
 D = Time resting spent in this place.
 E = Time spent auto-exploring this place.
 F = Levels seen in this place.
 G = Mean time per level.
                   A        B        C        D        E       F      G
               +--------+--------+--------+--------+--------+-----+--------+
         Total |   7579 |   7562 |     17 |   5928 |      5 |   1 | 7579.0 |
       Dungeon |   7579 |   7562 |     17 |   5928 |      5 |   1 | 7579.0 |
               +--------+--------+--------+--------+--------+-----+--------+

Top non-repeatable levels by time:
       D: 7579 daAuts
